 Dungeon Crawl Stone Soup version 0.25-a0-413-g3b4b6a4ccc (webtiles) character file.

Game seed: 277186950452404653, levelgen mode: deterministic

23 Anathary the Sneak (level 3, -1/24 HPs)
             Began as an Octopode Assassin on Jan 16, 2020.
             Slain by a frilled lizard (2 damage)
             ... on level 2 of the Dungeon.
             The game lasted 00:03:43 (953 turns).

Anathary the Sneak (Octopode Assassin)               Turns: 953, Time: 00:03:43

Health: -1/24      AC:  1    Str: 10    XL:     3   Next: 0%
Magic:  3/3        EV: 12    Int: 13    God:
Gold:   25         SH:  3    Dex: 14    Spells: 2/2 levels left

rFire    . . .     SeeInvis .   a - +2 dagger
rCold    . . .     Gourm    .   e - +0 buckler
rNeg     . . .     Faith    .   (helmet restricted)
rPois    .         Spirit   .   (no amulet)
rElec    .         Reflect  .   (no ring)
rCorr    .         Harm     .   (no ring)
MR       .....                  (no ring)
Stlth    +++++.....             (no ring)
HPRegen  0.08/turn              (no ring)
MPRegen  0.08/turn              (no ring)
                                (no ring)
                                (no ring)

@: no status effects
A: almost no armour, stealthy swim, amphibious, 8 rings, constrict 8, camouflage
1, gelatinous body 1
a: no special abilities


You were on level 2 of the Dungeon.
You were not hungry.

You visited 1 branch of the dungeon, and saw 2 of its levels.

You collected 25 gold pieces.

Inventory:

Hand Weapons
 a - a +2 dagger (weapon)
Missiles
 b - 8 poisoned darts (quivered)
 c - 2 curare-tipped darts
Armour
 e - a +0 buckler (worn)
Scrolls
 f - a scroll of teleportation {unknown}
 h - 2 scrolls of enchant armour {unknown}
Potions
 g - a potion of cancellation {unknown}
 i - a potion of lignification {unknown}
 j - a potion of mutation {unknown}
 k - a potion of agility {unknown}
Comestibles
 d - a ration


   Skills:
 + Level 2.1 Fighting
 + Level 2.0 Short Blades
 - Level 2.0 Throwing
 + Level 1.0 Dodging
 * Level 6.5 Stealth


You had 2 spell levels left.
You didn't know any spells.
Your spell library was empty.

Dungeon Overview and Level Annotations

Branches:
Dungeon (2/15)

Altars:

Annotations:
D:2 Robin, Sigmund


Innate Abilities, Weirdness & Mutations

You cannot wear most types of armour.
You are very stealthy in the water. (Stealth+)
You are amphibious.
You can wear up to eight rings at the same time.
You can use your tentacles to constrict eight enemies at once.
Your skin changes colour to match your surroundings (Stealth+).
Your rubbery body absorbs attacks. (AC +1, EV +1)


Message History

You hear an angry hiss.
Sigmund says, "I'm your fate." Sigmund barely misses you.
Sigmund hits you from afar with a +0 scythe!
Ouch! That really hurt!
Sigmund casts a spell at you. The magic dart hits you!
* * * LOW HITPOINT WARNING * * *
Found 15 gold pieces.
Robin shouts!
The hobgoblin shouts!
You hit Sigmund. Your grab misses Sigmund.
Sigmund is lightly wounded.
The frilled lizard closely misses you.
Sigmund splashes around in the water.
Robin roars a battlecry!
The hobgoblin goes into a battle-frenzy!
You hear a shout! x4
You closely miss Sigmund. You grab Sigmund.
Sigmund is lightly wounded.
You constrict Sigmund. The frilled lizard bites you.
You die... #.#<.# ggggg #.##.## ..g. . ####.#...# gg.

.. .....#...# ####
... # #......# ...
....#.#...#.≈#.g##
..$..#....≈≈≈.....
...##.≈.)l≈≈≈....##
.....≈≈≈@@≈..?...#
###≈≈≈##.#g.#.#...#
..... ......#.?..##
.### ###....###....
#...... .###
#......$ # #.......
#....###.


You could see Sigmund, Robin, a hobgoblin and a frilled lizard.

Vanquished Creatures
  A leopard gecko (D:1)
  A giant cockroach (D:1)
  5 goblins
  3 hobgoblins (D:1)
  A kobold (D:1)
  7 bats (D:1)
  A rat (D:1)
19 creatures vanquished.

Notes
Turn   | Place    | Note
-------+----------+-------------------------------------------
     0 | D:1      | Anathary the Octopode Assassin began the quest for the Orb.
     0 | D:1      | Reached XP level 1. HP: 14/14 MP: 1/1
    69 | D:1      | Reached XP level 2. HP: 19/19 MP: 2/2
   117 | D:1      | Reached skill level 6 in Stealth
   925 | D:2      | Noticed Robin
   938 | D:2      | Noticed Sigmund
   943 | D:2      | Reached XP level 3. HP: 24/24 MP: 3/3
   949 | D:2      | HP: 1/24 [Sigmund/magic dart (11)]
   953 | D:2      | Slain by a frilled lizard

Levels and vault maps discovered:
D:1:      sevenhm_arrival_forest_fort_large_1, layout_loops_ring,
          serial_bayou_pond_e
D:2:      layout_basic, lemuel_doored_altar, dancing_weapons_uskayaw,
          chequers_serial_rivers_small_a, lemuel_another_geyser, uniq_robin,
          uniq_sigmund, uniq_jessica

Skill      XL: |  1  2 |
---------------+-------+-----
Stealth        | 6 |  6.5
Fighting       | |  2.1
Short Blades   | |  2.0
Throwing       | |  2.0
Dodging        | |  1.0

Action                   || total
-------------------------++-------
Melee: Dagger            ||    31
       Constrict         ||     8
       Tentacles         ||     2
 Stab: Sleeping          ||     9
Dodge: Dodged            ||    12
Block: Buckler           ||     1

Table legend:
 A = Non-vault XP
 B = Vault XP
 C = Vault XP percentage of total XP
 D = Non-vault monster count
 E = Vault monster count
 F = Vault count percentage of total count
                 A         B        C        D         E       F
            +---------+---------+-------+---------+---------+-------
      Total |      28 |       6 |  17.6 |      15 |       4 |  21.1
            +---------+---------+-------+---------+---------+-------
        D:1 |      28 |       4 |  12.5 |      15 |       3 |  16.7
        D:2 |       0 |       2 | 100.0 |       0 |       1 | 100.0
            +---------+---------+-------+---------+---------+-------
